[Event "FICS Team League T30"] 
[Site "FICS, San Jose, California USA"] 
[Date "2006.04.20"] 
[Time "12:04:00"] 
[Round "2"] 
[White "BoboVieri"] 
[Black "Sportsmen"] 
[WhiteElo "2027"] 
[BlackElo "2208"] 
[TimeControl "2700+45"] 
[Mode "ICS"] 
[Result "0-1"] 

1. e4 e6 2. d4 d5 3. e5 c5 4. c3 Nc6 5. Nf3 Qb6 6. Bd3 cxd4 7. cxd4 Bd7 
8. O-O Nxd4 9. Nxd4 Qxd4 10. Nc3 a6 11. Qe2 Ne7 12. Kh1 Nc6 13. f4 Nb4 14. Rd1 
Nxd3 15. Rxd3 Qc4 16. b3 Qc7 17. Bb2 b5 18. f5 b4 19. Nxd5 exd5 20. e6 fxe6 
21. Rxd5 Bb5 22. Qe3 Qe7 23. Re5 Bd7 24. Rf1 Rc8 25. fxe6 Bc6 26. Rf7 Qd6 
27. Qf2 Be7 28. Re1 Rg8 29. Rxg7 Rxg7 30. Bxg7 Bd5 31. Qf7+ Kd8 32. Qg8+ 
Kc7 33. Qxh7 Kb8 34. Qg6 Ka8 35. Rd1 Bb7 36. Qg4 Qc6 37. h3 Rg8 38. Rd7 
Bd6 39. Qg5 Bb8 40. Qd2 Qxe6 41. Kg1 Qc6 42. h4 Ba7+ 43. Kh2 Qe4 44. Qg5 
Bb8+ 45. Kh3 Bc8 
{White resigns} 0-1

[Event "FICS Team League T30"]
[Site "FICS, San Jose, California USA"]
[Date "2006.04.20"]
[Time "10:59:46"]
[Round "2"]
[White "jgrfilho"]
[Black "backrankmate"]
[WhiteElo "1527"]
[BlackElo "1464"]
[TimeControl "2700+45"]
[Mode "ICS"]
[Result "0-1"]

1. e4 e6 2. d4 d5 3. f3 c5 4. Be3 Nc6 5. dxc5 d4 6. Bf2 Bxc5 7. Bb5 Qb6
8. Qd3 a6 9. Bxc6+ bxc6 10. b3 a5 11. Ne2 Ba6 12. Qd1 d3 13. Bxc5 Qxc5 14. cxd3
Rd8 15. d4 Bxe2 16. Qxe2 Qxd4 17. Qc2 Qxa1 18. O-O Qd4+ 19. Kh1 Ne7 20. Nc3
O-O 21. h3 Qd3 22. Qc1 Qd2 23. Qa1 Rd3 24. Nb1 Qe2 25. Nc3 Qc2 26. Rc1 Qf2
27. Nd1 Qf1+ 28. Kh2 Qe2 29. Nb2 Rd2 30. Re1 Qxg2#
{White checkmated} 0-1

[Event "FICS Team League T30"] 
[Site "FICS, San Jose, California USA"] 
[Date "2006.04.19"] 
[Time "16:43:50"] 
[Round "2"] 
[White "wekabird"] 
[Black "ahorse"] 
[WhiteElo "1402"] 
[BlackElo "1505"] 
[TimeControl "2700+45"] 
[Mode "ICS"] 
[Result "0-1"] 

1. c4 Nf6 2. Nf3 g6 3. g3 Bg7 4. Bg2 O-O 5. O-O d6 6. h3 e5 7. Nc3 Nbd7 
8. e4 a6 9. d3 Rb8 10. Bg5 h6 11. Bxf6 Nxf6 12. Re1 Bd7 13. Qd2 b5 14. cxb5 
axb5 15. Rac1 c5 16. Nd5 Nxd5 17. exd5 f5 18. b3 Bc8 19. Qc2 Bb7 20. Nd2 
Qf6 21. a4 f4 22. Ne4 Qe7 23. Nc3 b4 24. Nb5 f3 25. Bf1 Bxd5 26. Ra1 Qd7 
27. Ra2 Be6 28. Kh2 Kh7 29. Qc1 Bxb3 30. Qb2 Bxa4 31. Nxd6 Qxd6 32. Rxa4 
e4 33. Ra7 Qd4 34. Qb3 Qxf2+ 35. Kh1 Qxe1 36. Kg1 Qxg3+ 37. Kh1 f2 
{White resigns} 0-1

[Event "FICS Team League T30"]
[Site "FICS, San Jose, California USA"]
[Date "2006.04.20"]
[Time "07:13:57"]
[Round "2"]
[White "jones"]
[Black "Anagramm"]
[WhiteElo "1965"]
[BlackElo "1982"]
[TimeControl "2700+45"]
[Mode "ICS"]
[Result "0-1"]

1. e4 e6 2. d4 d5 3. e5 c5 4. c3 Nc6 5. Nf3 Qb6 6. Bd3 Bd7 7. O-O cxd4 8. cxd4
Nxd4 9. Nxd4 Qxd4 10. Nc3 Qb6 11. Qg4 Ne7 12. Be3 Qd8 13. Nb5 Ng6 14. f4
a6 15. Nc3 Be7 16. Bd4 Qc7 17. Rac1 Bc5 18. Bxc5 Qxc5+ 19. Kh1 Qd4 20. Rf3
Nxe5
{White resigns} 0-1

[Event "FICS Team League T30"]
[Site "FICS, San Jose, California USA"]
[Date "2006.04.21"]
[Time "02:12:21"]
[Round "2"]
[White "Superselector"]
[Black "tomito"]
[WhiteElo "2025"]
[BlackElo "1981"]
[TimeControl "2700+45"]
[Mode "ICS"]
[Result "0-1"]

1. e4 e5 2. Nf3 Nf6 3. Nxe5 Nxe4 4. Qe2 d6 5. Qxe4 dxe5 6. Qxe5+ Qe7 7. Qxe7+ Bxe7 8. Bb5+ c6 9. Bc4 O-O 10. O-O Bf5 11. d3 b5 12. Bb3 Nd7 13. Nd2 Nc5 14. a4 Bf6 15. axb5 Nxb3 16. Nxb3 cxb5 17. Rd1 Rac8 18. c3 Rfd8 19. d4 Bc2 20. Re1 Bxb3 21. Rxa7 Bd5 22. f3 Re8 23. Rxe8+ Rxe8 24. Kf2 b4 25. Rc7 Be6 26. Bd2 Bh4+ 27. g3 Bd8 28. Rc6 Bd7 29. Rd6 bxc3 30. bxc3 Bb5 31. Be3 Bc7 32. Rd5 Bd3 33. c4 Ra8 34. c5 Bb5 35. c6 Ra2+ 36. Kg1 Bxc6 37. Rc5 Ra6 38. d5 Bb6 39. dxc6 Bxc5 40. Bxc5 Rxc6 41. Bd4 f6 42. Kg2 Rc2+ 43. Kh3 Kf7 44. g4 Ke6 45. Kg3 Rd2 46. Bc5 f5 47. h4 fxg4 48. fxg4 Ke5 49. Kf3 Rd3+ 50. Be3 h6 51. h5 Rb3 52. Kf2 Ke4 53. Bd2 Rb2 54. Ke2 Rc2 55. Ke1 Kf3
{White resigns} 0-1

[Event "FICS Team League T30"] 
[Site "FICS, San Jose, California USA"] 
[Date "2006.04.20"] 
[Time "18:57:29"] 
[Round "2"] 
[White "RFFISCHER"] 
[Black "ccucina"] 
[WhiteElo "1564"] 
[BlackElo "1659"] 
[TimeControl "2700+45"] 
[Mode "ICS"] 
[Result "0-1"] 

1. e4 c5 2. Nf3 Nc6 3. d4 e6 4. c3 d5 5. e5 g6 6. Be2 Nh6 7. O-O Nf5 8. Bg5 
Be7 9. Bxe7 Qxe7 10. Na3 cxd4 11. cxd4 a6 12. Nc2 Bd7 13. a3 f6 14. Qd2 
fxe5 15. dxe5 Rd8 16. Qf4 Bc8 17. Ncd4 Qg7 18. Nxc6 bxc6 19. Nd4 Nxd4 20. Qxd4 
O-O 21. b4 Rf5 22. f4 Qc7 23. Rf3 Rdf8 24. Rc1 Qb7 25. Rcf1 R5f7 26. g4 
Qe7 27. Kh1 Qa7 28. Qd2 c5 29. bxc5 Qxc5 30. Qb4 Rc7 31. f5 exf5 32. gxf5 
Qxb4 33. axb4 gxf5 34. Rg1+ Kh8 35. Rfg3 f4 36. Rg5 Bf5 37. Bf3 Be4 38. Bxe4 
dxe4 39. Rb1 Rg7 40. Rxg7 Kxg7 41. Rc1 e3 42. Kg2 Kg6 43. Kf3 Kf5 44. Rc5 
Ke6 45. b5 axb5 46. Rxb5 Rf5 47. Rb4 Kxe5 48. Rb5+ Ke6 49. Rb6+ Ke5 50. Rb5+ 
Kf6 51. Rb4 Kg5 52. Rc4 h5 53. h3 h4 54. Ra4 Rf6 55. Ra5+ Rf5 56. Ra4 Rf7 
57. Ra5+ Kg6 58. Re5 Rf5 59. Re6+ Kg5 60. Re4 Kf6 61. Rxf4 Rxf4+ 
{White resigns} 0-1

[Event "FICS Team League T30"]
[Site "FICS, San Jose, California USA"]
[Date "2006.04.22"]
[Time "10:11:45"]
[Round "2"]
[White "HotDonut"]
[Black "Doubleletter"]
[WhiteElo "1942"]
[BlackElo "1854"]
[TimeControl "2700+45"]
[Mode "ICS"]
[Result "1-0"]

1. d4 Nf6 2. c4 e6 3. g3 d5 4. Nf3 Bb4+ 5. Bd2 Qe7 6. a3 Bxd2+ 7. Nbxd2
a5 8. Bg2 Nbd7 9. O-O b6 10. Rc1 c5 11. Ne5 Bb7 12. cxd5 exd5 13. Nxd7 Nxd7
14. e4 O-O 15. exd5 Rab8 16. dxc5 Nxc5 17. Nb3 Nxb3 18. Qxb3 Qd6 19. Rfd1
Rfc8 20. Rxc8+ Rxc8 21. Qe3 Kf8 22. Qe4 Kg8 23. Re1 Ba8 24. Qe8+ Rxe8 25. Rxe8+
Qf8 26. Rxf8+ Kxf8 27. Kf1 Ke7 28. d6+ Kxd6 29. Bxa8 Kc5 30. Be4 Kc4 31. Bc2
{Black resigns} 1-0

[Event "FICS Team League T30"] 
[Site "FICS, San Jose, California USA"] 
[Date "2006.04.21"] 
[Time "18:08:39"] 
[Round "2"] 
[White "MFalme"] 
[Black "clarinetref"] 
[WhiteElo "1477"] 
[BlackElo "1661"] 
[TimeControl "2700+45"] 
[Mode "ICS"] 
[Result "1-0"] 

1. e4 d6 2. f4 g6 3. Nf3 Bg7 4. Bc4 Nf6 5. Ng5 e6 6. e5 dxe5 7. fxe5 Nfd7 
8. d4 O-O 9. O-O Nb6 10. Bb3 Nc6 11. c3 Na5 12. Bc2 Nd7 13. Rf3 Bh6 14. Nxe6 
fxe6 15. Bxh6 Rxf3 16. Qxf3 Qh4 17. Bd2 Nc4 18. Bb3 Ndb6 19. Bxc4 Nxc4 20. b3 
Nxd2 21. Nxd2 c6 22. Rf1 Qe7 23. Ne4 Bd7 24. Nf6+ Kh8 25. Nxd7 Qxd7 26. Qf7 
Qc8 27. Rf6 c5 28. Rxe6 cxd4 29. c4 Rb8 30. Rd6 Qc5 31. Rd5 Qb6 32. Qf6+ 
Qxf6 33. exf6 Rf8 34. Rxd4 Rxf6 35. Rd8+ Kg7 36. Rd7+ Kh6 37. Rxb7 Ra6 38. a4 
g5 39. g4 Kg6 40. h3 h6 41. Kg2 Kf6 42. Kg3 Ke5 43. h4 gxh4+ 44. Kxh4 Ra5 
45. Rb5+ Rxb5 46. axb5 Kd6 47. Kh5 Kc5 48. Kxh6 
{Black resigns} 1-0

[Event "FICS Team League T30"] 
[Site "FICS, San Jose, California USA"] 
[Date "2006.04.20"] 
[Time "09:27:41"] 
[Round "2"] 
[White "xplan"] 
[Black "fidelian"] 
[WhiteElo "1549"] 
[BlackElo "1409"] 
[TimeControl "2700+45"] 
[Mode "ICS"] 
[Result "1-0"] 

1. e4 e6 2. d4 Nc6 3. Nf3 Nf6 4. Nc3 Bb4 5. Bd3 O-O 6. O-O Re8 7. Bg5 e5 
8. dxe5 Nxe5 9. Nd5 Nxf3+ 10. Qxf3 Be7 11. Nxe7+ Qxe7 12. Rfe1 Qe5 13. Bxf6 
Qxf6 14. Qxf6 gxf6 15. Re3 Re5 16. f4 Rh5 17. Rae1 d6 18. e5 dxe5 19. fxe5 
f5 20. Rf1 Be6 21. Ref3 f4 22. Rxf4 Rxe5 23. Be4 c6 24. a3 Rf8 25. Rh4 h5 
26. Bf3 Bc4 27. Rd1 Be2 28. Re1 Rfe8 29. Kf2 Bxf3 30. Rxe5 Rxe5 31. Kxf3 
Kg7 32. Kf4 Rd5 33. c3 b5 34. g4 Kg6 35. gxh5+ Rxh5 36. Rxh5 Kxh5 37. Kf5 
Kh4 38. Kf6 Kh3 39. Kxf7 Kxh2 40. Ke6 Kg3 41. Kd6 Kf4 42. Kxc6 a6 43. Kb6 
Ke5 44. Kxa6 Kd5 45. Kxb5 Kd6 
{Black resigns} 1-0

[Event "FICS Team League T30"] 
[Site "FICS, San Jose, California USA"] 
[Date "2006.04.20"] 
[Time "16:03:00"] 
[Round "2"] 
[White "wekabird"] 
[Black "chesstalker"] 
[WhiteElo "1396"] 
[BlackElo "1429"] 
[TimeControl "2700+45"] 
[Mode "ICS"] 
[Result "1-0"] 

1. c4 e5 2. e4 Nc6 3. Nf3 g6 4. g3 Nf6 5. Nc3 Bg7 6. Bg2 d6 7. O-O Be6 8. d3 
Qd7 9. Ng5 Bh6 10. Nxe6 Bxc1 11. Nxc7+ Qxc7 12. Qxc1 Nd4 13. Qd2 O-O-O 14. h3 
h5 15. Rac1 Qa5 16. Kh2 Kb8 17. Qg5 Nh7 18. Qd2 Rde8 19. f4 f5 20. exf5 
Nxf5 21. fxe5 Qxe5 22. Qf2 h4 23. Kg1 Qe3 24. Qxe3 Nxe3 25. Rf7 Nxg2 26. Kxg2 
hxg3 27. Kxg3 Re3+ 28. Kg4 Rxd3 29. Nd5 Rd4+ 30. Rf4 Rxf4+ 31. Nxf4 g5 32. Ne6 
Rg8 33. Rf1 a6 34. Rf7 Re8 35. Kf5 Rh8 36. Rd7 Nf8 37. Rd8+ Ka7 38. Rxf8 
Rxh3 39. Nxg5 Rh2 40. Ke6 Rxb2 41. Kxd6 Rxa2 42. Ne4 Ra4 43. Kd5 Ra5+ 44. Kd6 
Ra4 45. Rc8 b5 46. Rc7+ Kb8 47. Rc6 bxc4 48. Nc5 Ra3 49. Nd7+ Kb7 50. Rxc4 
Rd3+ 51. Ke6 Rxd7 52. Kxd7 Kb6 53. Kd6 Kb5 54. Rc5+ Kb4 55. Kc6 a5 56. Rb5+ 
Ka4 57. Kc5 Ka3 58. Rxa5+ 
{Black resigns} 1-0

[Event "FICS Team League T30"]
[Site "FICS, San Jose, California USA"]
[Date "2006.04.22"]
[Time "07:02:32"]
[Round "2"]
[White "LLIAMAH"]
[Black "GadsHill"]
[WhiteElo "1738"]
[BlackElo "1692"]
[TimeControl "2700+45"]
[Mode "ICS"]
[Result "1-0"]

1. c4 e6 2. b3 Nf6 3. Bb2 d5 4. Nf3 c6 5. e3 Bd6 6. Be2 O-O 7. Qc2 Re8 8. d4
Nbd7 9. cxd5 exd5 10. Nbd2 Nf8 11. O-O Bg4 12. Kh1 Qc7 13. h3 Bh5 14. Rae1
Bg6 15. Qd1 Bb4 16. a3 Bxd2 17. Nxd2 Ne4 18. Nxe4 Rxe4 19. Bd3 Rh4 20. Bc1
Re8 21. Bxg6 Nxg6 22. g3 Qd7 23. g4 Rxh3+ 24. Kg2 Rh4 25. f3 Qd6 26. Rh1
Re6 27. Rh3 Rxh3 28. Kxh3 Nh4 29. f4 Rh6 30. g5 Nf3+ 31. gxh6 Qxh6+ 32. Kg2
Nh4+ 33. Kf2 Qg6 34. Rg1 Qe4 35. Qg4 Qc2+ 36. Kg3 Nf5+ 37. Kh3 g6 38. b4
Qe4 39. Qg2 Qd3 40. Qf3 Nd6 41. Rd1 Qf5+ 42. Kg2 Ne4 43. Rg1 Nc3 44. Qf2
Qg4+ 45. Kf1 Qd1+ 46. Kg2 Qg4+ 47. Qg3 Qe2+ 48. Kh3 Qh5+ 49. Qh4 Qf3+ 50. Kh2
Ne2 51. Qg4 Nxg1 52. Qxg1 Qh5+ 53. Kg3 Qe2 54. Qf2 Qc2
{Black resigns} 1-0

[Event "FICS Team League T30"]
[Site "FICS, San Jose, California USA"]
[Date "2006.04.21"]
[Time "12:02:42"]
[Round "2"]
[White "Armunn"]
[Black "OldFlyer"]
[WhiteElo "1611"]
[BlackElo "1519"]
[TimeControl "2700+45"]
[Mode "ICS"]
[Result "1/2-1/2"]

1. c4 e5 2. Nc3 Nf6 3. g3 Bb4 4. Bg2 O-O 5. Qb3 Nc6 6. e3 Be7 7. Nge2 Nb4
8. Ne4 Nc6 9. O-O d6 10. d4 exd4 11. Nxd4 Nxe4 12. Nxc6 bxc6 13. Bxe4 Bd7
14. Qc2 f5 15. Bg2 Rb8 16. b3 c5 17. Bb2 Bf6 18. e4 Bxb2 19. Qxb2 Bc6 20. Qc2
f4 21. f3 fxg3 22. hxg3 Qg5 23. Kf2 Rbe8 24. Rae1 Qe5 25. f4 Qd4+ 26. Kf3
Qf6 27. Rh1 Qg6 28. Bh3 h6 29. g4 Qg5 30. f5 Qf6 31. Bg2 Ba8 32. Rh5 Re5
33. Kf4 g5+ 34. Kg3 Rfe8 35. Qc3 Kg7 36. Reh1 Rh8 37. Qa5 Bxe4 38. Qxc7+
Qe7 39. Qxe7+ Rxe7 40. Bxe4 Rxe4 41. Kf3 Rd4 42. Ke3 Rxg4 43. f6+ Kf7 44. Rxh6
Rxh6 45. Rxh6 Rf4 46. Rh7+ Kxf6 47. Rxa7 Ke5 48. Re7+ Kf6 49. Re4 Rf1 50. Kd2
Rg1 51. Re1 Rxe1 52. Kxe1 Ke5 53. Ke2 d5 54. cxd5 Kxd5 55. Kf3 Kd4 56. Kg4
Kc3 57. Kxg5 Kb4
{Game drawn by mutual agreement} 1/2-1/2

[Event "FICS Team League T30"] 
[Site "FICS, San Jose, California USA"] 
[Date "2006.04.22"] 
[Time "12:37:47"] 
[Round "2"] 
[White "ahorse"] 
[Black "Eshin"] 
[WhiteElo "1515"] 
[BlackElo "1587"] 
[TimeControl "2700+45"] 
[Mode "ICS"] 
[Result "0-1"] 

1. e4 c5 2. Nf3 Nc6 3. d4 cxd4 4. Nxd4 Nf6 5. Nc3 g6 6. Be3 e5 7. Ndb5 Bb4 
8. Nd6+ Ke7 9. Nc4 Nxe4 10. Bd2 Bxc3 11. Bxc3 d6 12. Qf3 Nxc3 13. Qxc3 Be6 
14. O-O-O Nd4 15. f4 f6 16. fxe5 fxe5 17. Qb4 Qc7 18. Rd2 a5 19. Qc3 Rhc8 
20. Rxd4 exd4 21. Qe1 Kf7 22. Qf2+ Kg8 23. Na3 Qc5 24. Qf6 Qe5 25. Qf2 Bxa2 
26. Bd3 Rf8 27. Qh4 Qe3+ 28. Kd1 Rf2 29. Qg4 Qd2# 
{White checkmated} 0-1

[Event "FICS Team League T30"] 
[Site "FICS, San Jose, California USA"] 
[Date "2006.04.21"] 
[Time "09:30:43"] 
[Round "2"] 
[White "Maras"] 
[Black "Ninaber"] 
[WhiteElo "2166"] 
[BlackElo "2152"] 
[TimeControl "2700+45"] 
[Mode "ICS"] 
[Result "0-1"] 

1. d4 d5 2. Bg5 h6 3. Bh4 g5 4. Bg3 Nf6 5. c4 dxc4 6. Qa4+ c6 7. Qxc4 Be6 
8. Qd3 Bg7 9. Nc3 Nh5 10. Rd1 Nxg3 11. hxg3 Nd7 12. e4 Qa5 13. f4 O-O-O 
14. Qe3 Bxa2 15. Ra1 Qb6 16. e5 Be6 17. Nf3 Qxb2 18. Rb1 Qa3 19. Be2 Nb6 
20. O-O Na4 21. Rfc1 gxf4 22. gxf4 Nxc3 23. Rxc3 Qa2 24. Qd3 Qa5 25. Ra3 
Qc7 26. Rxa7 Bd5 27. Qf5+ Kb8 28. Raxb7+ Qxb7 29. Ba6 Rd7 30. Bxb7 Rxb7 
31. Rxb7+ Kxb7 32. Qd7+ Kb6 33. Qxe7 Ra8 34. f5 Bf8 35. Qf6 Kb5 36. e6 fxe6 
37. fxe6 Bb4 38. Qg6 Bd6 39. Qb1+ Ka6 40. Qa1+ Kb7 41. Qb1+ Ka6 42. Qh7 
Re8 43. Qxh6 Rxe6 44. Qg7 Bf4 45. Ne5 Be3+ 46. Kf1 Bxd4 47. Qg4 Bxe5 48. Qa4+ 
Kb7 49. Qb4+ Kc8 50. Qf8+ Kd7 51. Qf7+ Re7 52. Qf5+ Kc7 53. Kg1 Bg3 
{White resigns} 0-1

[Event "FICS Team League T30"] 
[Site "FICS, San Jose, California USA"] 
[Date "2006.04.22"] 
[Time "19:10:30"] 
[Round "2"] 
[White "AlefZero"] 
[Black "HyperMagnus"] 
[WhiteElo "2176"] 
[BlackElo "2026"] 
[TimeControl "2700+45"] 
[Mode "ICS"] 
[Result "1-0"] 

1. e4 e5 2. f4 d5 3. exd5 e4 4. d3 Nf6 5. dxe4 Nxe4 6. Nf3 Bc5 7. Qe2 Qxd5 
8. Nfd2 f5 9. Nc3 Qc6 10. Ndxe4 fxe4 11. Qh5+ Kf8 12. Bb5 g6 13. Qh6+ 
{Black resigns} 1-0

[Event "FICS Team League T30"] 
[Site "FICS, San Jose, California USA"] 
[Date "2006.04.22"] 
[Time "18:16:59"] 
[Round "2"] 
[White "trener"] 
[Black "deionsandersson"] 
[WhiteElo "1885"] 
[BlackElo "1914"] 
[TimeControl "2700+45"] 
[Mode "ICS"] 
[Result "1-0"] 

1. e4 g6 2. d4 d6 3. Nc3 Bg7 4. Be3 Nf6 5. Qd2 h6 6. f3 Nbd7 7. O-O-O Nb6 
8. g4 c6 9. Nh3 Be6 10. Nf4 Bc4 11. Be2 Qc7 12. h4 O-O-O 13. g5 hxg5 14. hxg5 
e5 15. gxf6 exf4 16. fxg7 fxe3 17. Qxe3 Rhg8 18. Rh7 Bxe2 19. Nxe2 f6 20. Nf4 
Qf7 21. d5 Rxg7 22. Rxg7 Qxg7 23. Ne6 Qe7 24. Nxd8 Kxd8 25. dxc6 bxc6 26. Qa3 
d5 27. Qd3 Qf7 28. c4 Kc7 29. cxd5 f5 30. Qc3 Qd7 31. Qxc6+ Qxc6+ 32. dxc6 
Kxc6 33. Rg1 fxe4 34. fxe4 Kd6 35. Rxg6+ Ke5 36. Rg7 Nc8 37. Rc7 Nd6 38. Rxa7 
Kxe4 39. Rd7 Kd5 40. Rxd6+ Kxd6 41. Kc2 Kc5 42. Kc3 Kb5 43. Kb3 Ka5 44. Kc4 
Kb6 45. Kb4 Ka6 46. Kc5 Kb7 47. Kb5 Ka7 48. Kc6 Ka6 49. b4 Ka7 50. b5 Ka8 
51. b6 Kb8 52. b7 
{Black resigns} 1-0

[Event "FICS Team League T30"] 
[Site "FICS, San Jose, California USA"] 
[Date "2006.04.20"] 
[Time "15:25:32"] 
[Round "2"] 
[White "Valiantangel"] 
[Black "RoZa"] 
[WhiteElo "1871"] 
[BlackElo "1933"] 
[TimeControl "2700+45"] 
[Mode "ICS"] 
[Result "1-0"] 

1. c4 e5 2. Nc3 c6 3. Nf3 d6 4. d3 Be7 5. g3 Nf6 6. Bg2 h6 7. O-O O-O 8. e3 
Re8 9. Qc2 Bf5 10. b3 Nbd7 11. Nd2 Rc8 12. Bb2 d5 13. Rad1 Qc7 14. e4 dxe4 
15. dxe4 Be6 16. Nf3 a5 17. Rfe1 Bc5 18. Na4 Ba7 19. c5 Red8 20. h3 Ne8 
21. Re2 f6 22. Red2 Nf8 23. Ne1 Bf7 24. h4 Ne6 25. Rxd8 Rxd8 26. Rxd8 Qxd8 
27. Qd3 Qxd3 28. Nxd3 N8c7 29. Bh3 Na6 30. Bxe6 Bxe6 31. f3 Kf7 32. Kf2 
Ke7 33. g4 Nb8 34. h5 Nd7 35. Ba3 Bf7 36. Ndb2 Ke6 37. Nc4 Bb8 38. Nxa5 
Ba7 39. Nxb7 g6 40. hxg6 Bxg6 41. Nd8+ Ke7 42. Nxc6+ 
{Black resigns} 1-0

[Event "FICS Team League T30"] 
[Site "FICS, San Jose, California USA"] 
[Date "2006.04.21"] 
[Time "12:02:33"] 
[Round "2"] 
[White "RomaLavrn"] 
[Black "shnooz"] 
[WhiteElo "1878"] 
[BlackElo "1839"] 
[TimeControl "2700+45"] 
[Mode "ICS"] 
[Result "1-0"] 

1. Nf3 d5 2. d4 c5 3. dxc5 Nc6 4. a3 e5 5. b4 Nf6 6. e3 Bg4 7. Be2 Qc7 8. O-O 
Rd8 9. Bb2 a6 10. Nbd2 Be7 11. Rc1 O-O 12. c4 d4 13. exd4 Bxf3 14. Nxf3 
exd4 15. Bd3 Rd7 16. Bb1 Rfd8 17. Qd3 Qf4 18. h3 g6 19. Rce1 Bf8 20. Re2 
Bg7 21. Rfe1 Kf8 22. Bc1 Qc7 23. g3 Ne7 24. Bf4 Qc8 25. Bd6 Rxd6 26. cxd6 
Nf5 27. c5 Nd5 28. Ng5 h6 29. Qb3 hxg5 30. Qxd5 Qd7 31. g4 Nh4 32. Re7 Qc6 
33. Qxf7# 
{Black checkmated} 1-0

[Event "FICS Team League T30"] 
[Site "FICS, San Jose, California USA"] 
[Date "2006.04.22"] 
[Time "13:42:07"] 
[Round "2"] 
[White "deionsandersson"] 
[Black "uiknight"] 
[WhiteElo "1911"] 
[BlackElo "2003"] 
[TimeControl "2700+45"] 
[Mode "ICS"] 
[Result "0-1"] 

1. e4 c5 2. Nf3 Nc6 3. d4 cxd4 4. Nxd4 Nf6 5. Nc3 e5 6. Ndb5 d6 7. Bg5 a6 
8. Bxf6 gxf6 9. Na3 f5 10. Bc4 Ra7 11. Qh5 b5 12. Bd5 Nd4 13. Ne2 Nxe2 14. Qxe2 
Qg5 15. g3 Bh6 16. Nxb5 axb5 17. Qxb5+ Rd7 18. Bc6 Qd2+ 19. Kf1 Ke7 20. Bxd7 
Bxd7 21. Qd3 Qb4 22. b3 fxe4 23. Qe2 Bh3+ 24. Kg1 Qc3 25. Re1 d5 26. f3 
Bd2 27. Rd1 Be3+ 
{White resigns} 0-1

[Event "FICS Team League T30"] 
[Site "FICS, San Jose, California USA"] 
[Date "2006.04.22"] 
[Time "11:58:51"] 
[Round "2"] 
[White "pollock"] 
[Black "yonailo"] 
[WhiteElo "1767"] 
[BlackElo "1841"] 
[TimeControl "2700+45"] 
[Mode "ICS"] 
[Result "1-0"] 

1. e4 e5 2. f4 d6 3. Nf3 Nc6 4. Bb5 Bd7 5. O-O Be7 6. d4 exd4 7. Nxd4 Nxd4 
8. Bxd7+ Qxd7 9. Qxd4 Bf6 10. Qd3 Ne7 11. Nc3 O-O-O 12. Be3 Nc6 13. Nd5 
h5 14. Rab1 Ne7 15. Bxa7 Nxd5 16. exd5 Qa4 17. Be3 Rde8 18. b4 Re7 19. Rb3 
Qe8 20. Ra3 Kb8 21. Ba7+ Kc8 22. Ra5 c6 23. Bb6 Kd7 24. Qf5+ 
{Black resigns} 1-0

[Event "FICS Team League T30"] 
[Site "FICS, San Jose, California USA"] 
[Date "2006.04.22"] 
[Time "09:05:53"] 
[Round "2"] 
[White "KlassAct"] 
[Black "chessviktor"] 
[WhiteElo "1417"] 
[BlackElo "1504"] 
[TimeControl "2700+45"] 
[Mode "ICS"] 
[Result "0-1"] 

1. e4 c5 2. Nf3 d6 3. Bc4 Nc6 4. Nc3 a6 5. a4 g6 6. d4 cxd4 7. Nxd4 Bd7 8. O-O Bg7 9. Nb3 Nf6 10. Re1 Ne5 11. Bf1 O-O 12. Be3 Rc8 13. a5 Bc6 14. Bb6 Qd7 15. Nd4 Qe8 16. f4 Ned7 17. Nxc6 Rxc6 18. Na4 Nxb6 19. Nxb6 Nd7 20. Nxd7 Qxd7 21. c3 Qc7 22. Rc1 Qxa5 23. b4 Qb6+ 24. Kh1 Rxc3 25. Rxc3 Bxc3 {White resigns} 0-1

[Event "FICS Team League T30"]
[Site "FICS, San Jose, California USA"]
[Date "2006.04.21"]
[Time "12:01:22"]
[Round "2"]
[White "Aul"]
[Black "MStav"]
[WhiteElo "1592"]
[BlackElo "1748"]
[TimeControl "2700+45"]
[Mode "ICS"]
[Result "1/2-1/2"]

1. d4 Nf6 2. c4 c5 3. Nf3 cxd4 4. Nxd4 e6 5. Nc3 a6 6. e4 d6 7. Bd3 Be7
8. Be3 O-O 9. Qc2 Nc6 10. a3 Qc7 11. O-O Nxd4 12. Bxd4 e5 13. Be3 Be6 14. Nd5
Bxd5 15. exd5 Rac8 16. Rac1 h6 17. Bf5 Nd7 18. Bh7+ Kh8 19. Bd3 Nc5 20. Bf5
Nd7 21. Qd2 g5 22. h4 Qd8 23. Bxd7 Qxd7 24. hxg5 Rg8 25. f4 Qg4 26. fxe5
Bxg5 27. Bxg5 Rxg5 28. Rxf7 Rxc4 29. Rxc4 Qxc4 30. exd6 Qc5+ 31. Qf2 Qc1+
32. Qf1 Qe3+ 33. Rf2 Rxd5 34. Qe2 Qd4 35. Qe8+ Kg7 36. Qf7+ Kh8 37. Qf6+
Kg8 38. Qxd4 Rxd4 39. Rf6 Kg7 40. Re6 b5 41. Re7+ Kf8 42. Rd7 Ke8 43. Re7+
Kd8 44. Re6 h5 45. Rh6 h4 46. d7 a5 47. Rh5 b4 48. Rxa5 bxa3 49. Rxa3 Kxd7
50. Kh2 Rb4 51. Ra7+ Ke6 52. Ra2 Kf5 53. Kh3 Kg5 54. Ra5+ Kg6 55. Ra2 Kg5
56. g3 hxg3 57. Kxg3 Rb3+ 58. Kf2 Kf4 59. Ke2 Ke4 60. Kd2 Kd4 61. Kc2 Kc4
62. Ra4+ Rb4 63. b3+ Kb5 64. Rxb4+ Kxb4 65. Kb2 Kb5 66. Ka3 Ka5 67. b4+
Kb5 68. Kb3 Kb6 69. Kc4 Kc6 70. b5+ Kb6 71. Kb4 Kb7 72. Kc5 Kc7 73. Kb4
Kb7 74. Kc5 Kc7 75. b6+ Kb8 76. Kb5 Kb7 77. Ka5 Kb8 78. Ka6 Ka8 79. Kb5
Kb8 80. Kc5 Kb7 81. Kb5 Kb8 82. Kc6 Kc8 83. Kd6 Kb7 84. Kc5 Kb8 85. Kc6
Kc8
{Game drawn by mutual agreement} 1/2-1/2

[Event "FICS Team League T30"]
[Site "FICS, San Jose, California USA"]
[Date "2006.04.21"]
[Time "14:12:08"]
[Round "2"]
[White "bsdc"]
[Black "alfreale"]
[WhiteElo "1683"]
[BlackElo "1421"]
[TimeControl "2700+45"]
[Mode "ICS"]
[Result "0-1"]

1. e4 e5 2. Nf3 Nc6 3. Bc4 Bc5 4. O-O d6 5. h3 f5 6. Bxg8 Rxg8 7. d3 Qf6
8. Nc3 Be6 9. exf5 Qxf5 10. Bg5 h6 11. Bh4 g5 12. Bg3 O-O-O 13. a3 g4 14. hxg4
Rxg4 15. Ne4 Bb6 16. c4 Rdg8 17. Kh2 Nd4 18. Nxd4 Bxd4 19. Qd2 h5 20. f3
R4g6 21. Rae1 h4 22. Bxh4 Rxg2+ 23. Qxg2 Rxg2+ 24. Kxg2 Qh3#
{White checkmated} 0-1

[Event "FICS Team League T30"] 
[Site "FICS, San Jose, California USA"] 
[Date "2006.04.22"] 
[Time "21:00:39"] 
[Round "2"] 
[White "Cilia"] 
[Black "Woodchuck"] 
[WhiteElo "1656"] 
[BlackElo "1656"] 
[TimeControl "2700+45"] 
[Mode "ICS"] 
[Result "1-0"] 

1. Nf3 Nf6 2. c4 c5 3. Nc3 g6 4. b3 Bg7 5. Bb2 O-O 6. g3 b6 7. Bg2 Bb7 8. O-O 
d5 9. cxd5 Nxd5 10. Ne1 Qc7 11. Nxd5 Bxd5 12. Bxd5 Bxb2 13. Bxa8 Bxa1 14. Qxa1 
Nc6 15. Bxc6 Qxc6 16. Qe5 e6 17. Nd3 c4 18. Rc1 f6 19. Rxc4 Qxc4 20. bxc4 
fxe5 21. Nxe5 Rc8 22. d4 Kf8 23. e4 g5 24. f4 h6 25. Kf2 Ke7 26. Ke3 Kf6 
27. Kd3 Rc7 28. d5 exd5 29. cxd5 Ke7 30. Nc6+ Kd7 31. Kd4 a5 32. f5 a4 33. f6 
Ke8 34. e5 Kf7 35. Ke4 b5 36. Kf5 Rb7 37. e6+ Ke8 38. d6 b4 39. f7+ Kf8 
40. Kf6 Rxf7+ 41. exf7 b3 42. d7 
{Black resigns} 1-0

[Event "FICS Team League T30"]
[Site "FICS, San Jose, California USA"]
[Date "2006.04.22"]
[Time "21:14:22"]
[Round "2"]
[White "geolas"]
[Black "mandragora"]
[WhiteElo "1820"]
[BlackElo "1808"]
[TimeControl "2700+45"]
[Mode "ICS"]
[Result "0-1"]

1. e4 e5 2. Nf3 Nc6 3. Bb5 a6 4. Ba4 Nf6 5. O-O Nxe4 6. d4 b5 7. Bb3 d5
8. dxe5 Be6 9. c3 Be7 10. Nbd2 O-O 11. Re1 Nc5 12. Bc2 d4 13. Ne4 dxc3 14. Nxc3
Nb4 15. Be3 Ncd3 16. Re2 Nxb2 17. Bxh7+ Kxh7 18. Rxb2 Qxd1+ 19. Rxd1 Rfd8
20. Rbd2 Rxd2 21. Rxd2 Rd8 22. Rxd8 Bxd8 23. a4 c6 24. Ng5+ Kg6 25. Nxe6
fxe6 26. f4 Nd3 27. axb5 cxb5 28. Ne4 b4 29. Nf2 Nxf2 30. Kxf2 b3 31. Bc1
Bb6+ 32. Ke2 Bd4 33. g4 b2 34. Bxb2 Bxb2 35. h4 Bc1 36. h5+ Kf7 37. f5 exf5
38. gxf5 Bf4 39. e6+ Kf6 40. Kd3 Bd6 41. Ke4 a5 42. Kd5 Be7 43. Kc4 a4
{White resigns} 0-1